 Dungeon Crawl Stone Soup version 0.30.1-9-gdf580d7c3d (webtiles) character file.

Game seed: 3643291815048015749

373 Kraken2834 the Chopper (level 6, -2/53 HPs)
             Began as a Minotaur Monk on Sept 26, 2023.
             Was a Believer of the Shining One.
             Slain by a gnoll
             ... wielding a +0 spear
              (7 damage)
             ... on level 5 of the Dungeon.
             The game lasted 00:07:57 (2466 turns).

Kraken2834 the Chopper (Minotaur Monk)              Turns: 2466, Time: 00:07:58

Health: -2/53      AC: -4    Str: 18    XL:     6   Next: 43%
Magic:  6/6        EV:  8    Int:  7    God:    the Shining One [**....]
Gold:   274        SH: 11    Dex: 12    Spells: 5/5 levels left

rFire   . . .        a - +0 hand axe
rCold   . . .        j - +0 tower shield
rNeg    + . .        r - +0 ring mail
rPois   .            (helmet restricted)
rElec   .            (no cloak)
rCorr   .            g - +0 pair of gloves
SInv    .            v - +0 pair of boots
Will    .....        p - amulet of regeneration
Stlth   +            (no ring)
HPRegen 1.08/turn    (no ring)
MPRegen 0.10/turn

%: no passive effects
@: corroded, glowing
A: horns 2, retaliatory headbutt
a: Renounce Religion, Divine Shield


You were on level 5 of the Dungeon.
You worshipped the Shining One.
The Shining One was pleased with you.
You visited 1 branch of the dungeon, and saw 5 of its levels.

You collected 274 gold pieces.

Inventory:

Hand Weapons
 a - a +0 hand axe (weapon)
Armour
 b - a +1 robe
 d - an orb of light
 g - a +0 pair of gloves (worn)
 j - a +0 tower shield (worn)
 r - a +0 ring mail (worn)
 v - a +0 pair of boots (worn)
Jewellery
 p - an amulet of regeneration (around neck)
Scrolls
 e - 2 scrolls of fear
 f - 3 scrolls of enchant armour
 i - 4 scrolls of teleportation
 l - a scroll of torment {unknown}
 m - a scroll of summoning {unknown}
 n - 2 scrolls of amnesia {unknown}
 o - a scroll of vulnerability {unknown}
 q - a scroll of noise {unknown}
 t - a scroll of immolation {unknown}
Potions
 c - a potion of ambrosia
 h - a potion of haste
 k - a potion of cancellation
 s - a potion of degeneration
 u - a potion of curing


   Skills:
 + Level 4.6 Fighting
 + Level 5.9 Axes
 * Level 2.7 Armour
 + Level 4.3 Dodging
 * Level 2.2 Shields
 * Level 1.7 Invocations


You had 5 spell levels left.
You didn't know any spells.
Your spell library contained the following spells:

 Spells                   Type           Power      Damage    Failure   Level
 Beastly Appendage        Tmut           0%         N/A       100%        1
 Sandblast                Erth           0%         2d4       100%        1
 Shock                    Conj/Air       0%         1d3       100%        1
 Blink                    Tloc           0%         N/A       100%        2
 Lesser Beckoning         Tloc           0%         N/A       100%        2
 Momentum Strike          Conj/Tloc      0%         3d8       100%        2
 Passwall                 Tmut/Erth      0%         N/A       100%        2
 Wereblood                Tmut           0%         N/A       100%        2
 Spider Form              Tmut/Pois      0%         N/A       100%        3
 Stone Arrow              Conj/Erth      0%         3d7       100%        3
 Swiftness                Air            0%         N/A       100%        3
 Airstrike                Air            0%         2d(0-16)  100%        4


Dungeon Overview and Level Annotations

Branches:
Dungeon (5/15)
 Temple: D:4-7

Altars:
Nemelex Xobeh
Okawaru
The Shining One


Innate Abilities, Weirdness & Mutations

You have a pair of horns on your head.
You reflexively headbutt those who attack you in melee.


Message History

The adder bites you but does no damage. The gnoll hits you but does no damage.
You block the jelly's attack. The adder bites you but does no damage.
You hit the adder.
You kill the adder!
You barely miss the gnoll. You hit the jelly.
Your hands burn!
You block the jelly's attack. You block the gnoll's attack.
You block the jelly's attack.
The gnoll hits you from afar with a +0 spear.
You hit the jelly but do no damage.
Your hands burn!
The jelly is moderately wounded.
You hit the gnoll. The jelly hits you but does no damage.
You block the gnoll's attack. x2
You hit the jelly.
Your hands burn!
The jelly is moderately wounded.
You hit the gnoll but do no damage. The jelly hits you but does no damage.
The gnoll barely misses you. The gnoll hits you but does no damage.
You block the gnoll's attack.
You hit the jelly. The acid corrodes you!
Your hands burn!
You headbutt the jelly.
The jelly is heavily wounded.
You hit the gnoll but do no damage. You block the jelly's attack.
You block the gnoll's attack.
The gnoll hits you from afar with a +0 spear.
You block the gnoll's attack.
The gnoll hits you from afar with a +0 spear.
The jelly hits you. The acid corrodes you!
You are splashed with acid!
The gnoll hits you from afar with a +0 spear.
You block the gnoll's attack.
You are too injured to fight recklessly!
You hit the jelly but do no damage. The acid corrodes you!
Your hands burn!
The jelly is heavily wounded.
You hit the gnoll but do no damage. The jelly hits you. The acid corrodes you!
You are splashed with acid!
* * * LOW HITPOINT WARNING * * *
The gnoll hits you with a +0 club.
* * * LOW HITPOINT WARNING * * *
The gnoll hits you from afar with a +0 spear.
* * * LOW HITPOINT WARNING * * *
The gnoll hits you from afar with a +0 spear!
You die...

.. .# ..
##. .. .#
##<##
##J..#
#@.#...#
#..g.g##
#.#
#....g#..
.≈
.......##≈
≈ #......
[. ......#
.. #.....
≈.. #...$.
...


You could see a jelly and 3 gnolls.

Vanquished Creatures
  A bullfrog (D:4)
  A scorpion (D:4)
  2 howler monkeys (D:4)
  7 adders
  A worm (D:2)
  4 dart slugs
  2 orcs (D:4)
  6 ball pythons
  8 bats
  9 endoplasms
  3 giant cockroaches
  9 goblins
  8 hobgoblins
  10 jackals
  7 quokkas
  5 frilled lizards
  9 kobolds
  3 rats
95 creatures vanquished.

Notes
Turn   | Place    | Note
-------+----------+-------------------------------------------
     0 | D:1      | Kraken2834 the Minotaur Monk began the quest for the Orb.
     0 | D:1      | Reached XP level 1. HP: 19/19 MP: 0/0
   132 | D:1      | Reached XP level 2. HP: 22/27 MP: 1/1
   184 | D:1      | Reached skill level 4 in Axes
   185 | D:1      | HP: 1/27 [frozen (1)]
   370 | D:1      | Reached XP level 3. HP: 33/33 MP: 2/2
   387 | D:1      | Reached skill level 1 in Armour
   970 | D:2      | Found a glowing golden altar of the Shining One.
   982 | D:2      | Became a worshipper of the Shining One
   982 | D:2      | Reached * piety under the Shining One
   982 | D:2      | Reached ** piety under the Shining One
  1068 | D:2      | Reached XP level 4. HP: 40/40 MP: 3/3
  1396 | D:3      | Found an iron altar of Okawaru.
  1793 | D:3      | Found a faded altar of an unknown god.
  1932 | D:4      | Noticed a scorpion
  1937 | D:4      | Killed a scorpion
  1938 | D:4      | Reached skill level 5 in Axes
  1938 | D:4      | Reached skill level 1 in Invocations
  1938 | D:4      | Reached XP level 5. HP: 45/47 MP: 4/4
  2051 | D:4      | Reached skill level 1 in Shields
  2102 | D:4      | Found a sparkling altar of Nemelex Xobeh.
  2249 | D:4      | Reached XP level 6. HP: 53/53 MP: 6/6
  2456 | D:5      | Entered Level 5 of the Dungeon
  2466 | D:5      | Slain by a gnoll

Illustrated notes

Levels and vault maps discovered:
D:1:      dpeg_arrival_refuge, layout_rooms, serial_park_tiny_pond
D:2:      layout_basic, basic_altar
D:3:      layout_rooms, mainiacjoe_overflow_boulevard, serial_glass,
          glass_columns_c, glass_columns_c, glass_columns_a, glass_columns_a,
          glass_columns_b, glass_columns_b, shapermc_ecumenical_altar_ellora
D:4:      cheibrodos_barr_body, layout_rooms, amcnicky_altar_gilded,
          serial_curves, eino_curves_04, eino_curves_01
D:5:      wander_guarded_unrand_ratskin, layout_rooms, cheibriados_altar_1,
          nicolae_uskayaw_suspiria, amcnicky_mini_pool_small,
          lightli_corner_chamber

Skill      XL: |  1  2  3  4  5  6 |
---------------+-------------------+-----
Axes           | 4 5 |  5.9
Fighting       | 4 |  4.6
Armour         | 1 2 |  2.7
Dodging        | 4 |  4.3
Invocations    | 1 |  1.7
Shields        | 1 2 |  2.2

Action                     |  1- 3 |  4- 6 || total
---------------------------+-------+-------++-------
  Melee: Hand axe          |    77 |    73 ||   150
         Headbutt          |    11 |    17 ||    28
    Use: Scroll            |       |     9 ||     9
 Armour: Robe              |    15 |     4 ||    19
         Ring mail         |       |    23 ||    23
  Dodge: Dodged            |    68 |    17 ||    85
  Block: Tower shield      |       |    46 ||    46
